 Dungeon Crawl Stone Soup version 0.29-a0-384-g6960b1960d (webtiles) character file.

Game seed: 5067054187551564457

1038 bastard the Magician (level 8, -9/50 HPs)
             Began as a Djinni Fire Elementalist on May 7, 2022.
             Was an Initiate of Makhleb.
             Mangled by a yak (15 damage)
             ... on level 5 of the Dungeon.
             The game lasted 00:07:57 (7445 turns).

bastard the Magician (Djinni Fire Elementalist)     Turns: 7445, Time: 00:07:57

Health: -9/50      AC:  3    Str:  7    XL:     8   Next: 48%
Gold:   170        EV: 12    Int: 19    God:    Makhleb [......] SH:  0 Dex: 14

rFire   + + .      SeeInvis .   l - +2 dagger (flame)
rCold   x . .      Faith    +   b - orb {light}
rNeg    . . .      Spirit   .   a - +0 robe
rPois   ∞          Reflect  .   (no helmet)
rElec   .          Harm     .   (no cloak)
rCorr   .          Rampage  .   e - +0 pair of gloves
Will    .....                   (boots unavailable)
Stlth   +.........              g - amulet of faith
HPRegen 0.16/turn               d - ring of wizardry
MPRegen 0.00/turn               (no ring)

@: flying, glowing
A: sickness immunity, fire resistance 2, cold vulnerability 1, float, innate
caster, HP casting, extra vitality 1
a: Renounce Religion


You were on level 5 of the Dungeon.
You worshipped Makhleb.
Makhleb was noncommittal.
You visited 2 branches of the dungeon, and saw 6 of its levels.

You collected 170 gold pieces.

Inventory:

Hand Weapons
 l - a +2 dagger of flaming (weapon)
Missiles
 s - a throwing net
Armour
 a - a +0 robe (worn)
 b - an orb of light (worn)
 e - a +0 pair of gloves (worn)
Jewellery
 d - a ring of wizardry (left hand)
 g - an amulet of faith (around neck)
 h - a ring of wizardry
 u - an amulet of reflection
Wands
 t - a wand of mindburst (16)
Scrolls
 c - 2 scrolls of identify
 j - 3 scrolls of teleportation
 q - a scroll of immolation
Potions
 f - a potion of haste
 i - 3 potions of curing
 k - a potion of lignification
 m - 2 potions of heal wounds
 o - 3 potions of might
 p - 2 potions of mutation
 r - 3 potions of attraction


   Skills:
 - Level 2.1 Dodging
 - Level 1.5 Stealth
 + Level 7.6 Spellcasting


You had 4 spell levels left.
You knew the following spells:

 Your Spells              Type           Power      Damage    Failure   Level
a - Foxfire               Conj/Fire      100%       2x1d9     1%          1
b - Scorch                Fire           72%        2d9       1%          2
c - Conjure Flame         Conj/Fire      36%        6-21      1%          3
d - Inner Flame           Hex/Fire       36%        N/A       1%          3
e - Flame Wave            Conj/Fire      36%        2d9       1%          4
f - Pain                  Necr           100%       1d9       1%          1
g - Ensorcelled Hibernat  Hex/Ice        72%        N/A       1%          2
h - Wereblood             Tmut           36%        N/A       1%          2
Your spell library was empty.

Dungeon Overview and Level Annotations

Branches:
Dungeon (5/15)             Temple (1/1) D:4

Altars:
Ashenzari
Cheibriados
Dithmenos
Elyvilon
Fedhas
Gozag
Hepliaklqana
Kikubaaqudgha
Makhleb
Nemelex Xobeh
Okawaru
Qazlal
Ru
Sif Muna
Trog
Vehumet
Wu Jian
Xom
Yredelemnul
Zin
The Shining One

Shops:
D:5 (

Annotations:
D:2 exclusion: downstairs


Innate Abilities, Weirdness & Mutations

You are immune to sickness and miasma.
You are immune to poison.
Your flesh is very heat resistant. (rF++)
You are vulnerable to cold. (rC-)
You float through the air rather than walking.
You learn spells naturally, not from books.
Your magical power is your life essence.
You have superior vitality. (+4 MHP)


Message History

The yak is severely wounded. (Press . to intensify the flame waves.)
You hear a bellow!
The yak closely misses you.
A wave of flame ripples out!
The flame wave engulfs the yak!
The yak is almost dead.
The flame wave engulfs the yak!
The yak is moderately wounded.
The yak barely misses you.
Unknown command.
A wave of flame ripples out!
The flame wave engulfs the yak.
You kill the yak!
Makhleb accepts your kill.
The flame wave engulfs the yak.
The yak is heavily wounded.
You finish channelling waves of flame.
A jelly comes into view.
Casting: Flame Wave (dangerous; 1% risk of failure)
Confirm with . or Enter, or press ? or * to list all spells.
Casting: Flame Wave (dangerous; 1% risk of failure)
Press: ? - help, Dir - look around, f - activate A wave of flame ripples out!
The flame wave engulfs the yak.
The yak is heavily wounded. (Press . to intensify the flame waves.)
The yak gores you.
A wave of flame ripples out!
The flame wave engulfs the yak!
The yak is severely wounded.
The flame wave engulfs the yak!
The yak is severely wounded.
The yak gores you!
* * * LOW HITPOINT WARNING * * *
A wave of flame ripples out!
The flame wave engulfs the yak!
The yak is almost dead.
The flame wave engulfs the yak.
The yak is heavily wounded.
The flame wave engulfs the yak.
The yak is almost dead.
* * * LOW HITPOINT WARNING * * *
You finish channelling waves of flame.
The yak gores you!
You die...

#.##.#### #.#.#
#.##.#########
##.#.##
#.##..YY.Y§..#
##.....
#.##########Y#
#...#.# #. #.#
#######...#.## #Y#
#.#..........# #.#
##.#..#.......##
#Y###...#.#.........
#YY@....#...#.......
####.#...#..#.......
#.#...#..........
#.#....#.........
#.##...#....##...
#J##....#........
#.####.#.##...##.
#.# #.... ##.... #.
.


You could see 3 yaks and a jelly.

Vanquished Creatures
  A yak (D:5)
  A water moccasin (D:5)
  An ogre (D:3)
  3 scorpions
  2 howler monkeys (D:4)
  3 hounds
  3 orc priests
  2 jellies (D:2)
  An iguana (D:4)
  7 adders
  3 worms (D:2)
  A dart slug (D:1)
  19 orcs
  7 ball pythons
  15 endoplasms
  5 giant cockroaches
  5 goblins
  12 hobgoblins
  5 quokkas
  7 bats
  2 frilled lizards
  13 kobolds
  8 rats
126 creatures vanquished.

Vanquished Creatures (others)
  524 foxfires
  11 toadstools (D:2)
535 creatures vanquished.

Grand Total: 661 creatures vanquished

Notes
Turn   | Place    | Note
-------+----------+-------------------------------------------
     0 | D:1      | bastard the Djinni Fire Elementalist began the quest for
                  | the Orb.
     0 | D:1      | Reached XP level 1. HP: 15/15 MP: 0/0
   300 | D:1      | Reached XP level 2. HP: 11/21 MP: 0/0
   649 | D:1      | Reached skill level 3 in Spellcasting
  1021 | D:1      | Reached XP level 3. HP: 22/25 MP: 0/0
  1021 | D:1      | Learned a level 1 spell: Pain
  2117 | D:1      | You are sucked into a shaft and drop 1 floor!
  2436 | D:2      | Reached XP level 4. HP: 27/31 MP: 0/0
  3034 | D:2      | Reached skill level 4 in Spellcasting
  3569 | D:2      | Reached XP level 5. HP: 5/35 MP: 0/0
  3569 | D:2      | Learned a level 2 spell: Ensorcelled Hibernation
  4189 | D:2      | Reached XP level 6. HP: 14/40 MP: 0/0
  4535 | D:3      | Found a faded altar of an unknown god.
  4602 | D:3      | Noticed an ogre
  4754 | D:3      | Reached skill level 5 in Spellcasting
  4935 | D:3      | Killed an ogre
  5304 | D:4      | Reached XP level 7. HP: 42/45 MP: 0/0
  5304 | D:4      | Learned a level 2 spell: Wereblood
  5608 | D:4      | Found a staircase to the Ecumenical Temple.
  5629 | D:4      | Reached skill level 6 in Spellcasting
  5636 | Temple   | Entered the Ecumenical Temple
  5930 | Temple   | Became a worshipper of Makhleb the Destroyer
  6171 | D:4      | Found an iron altar of Okawaru.
  6862 | D:5      | Entered Level 5 of the Dungeon
  6929 | D:5      | Reached XP level 8. HP: 45/50 MP: 0/0
  7024 | D:5      | Reached skill level 7 in Spellcasting
  7375 | D:5      | Found Batuthriwk's Weapon Shop.
  7388 | D:5      | Noticed a yak
  7388 | D:5      | Noticed a yak
  7388 | D:5      | Noticed a yak
  7388 | D:5      | Noticed a yak
  7388 | D:5      | Noticed a yak
  7389 | D:5      | Noticed a yak
  7442 | D:5      | Killed a yak
  7445 | D:5      | Mangled by a yak

Illustrated notes

Levels and vault maps discovered:
D:1:      minmay_arrival_arboretum_small, layout_basic,
          chequers_serial_rivers_micro_d
D:2:      cheibrodos_fertilizer, layout_basic
D:3:      layout_rooms, shapermc_ecumenical_altar_venn
D:4:      layout_cave_pods, general_overflow_altar, temple_fountains
D:5:      layout_loops_ring, serial_shops, nicolae_shop_behind_doors,
          hangedman_decor_peaks_small, nicolae_elevator_lobby_asterisk,
          uniq_menkaure
Temple:   regret_index_temple_chain_breaker

Skill      XL: |  1  2  3  4  5  6  7  8 |
---------------+-------------------------+-----
Spellcasting   | 3 4 5 6 7 |  7.6
Dodging        | |  2.1
Stealth        | |  1.5

Action                   |  1- 3 |  4- 6 |  7- 9 || total
-------------------------+-------+-------+-------++-------
Melee: Unarmed           |     2 |       |       ||     2
       Dagger            |       |     1 |       ||     1
 Cast: Foxfire           |   124 |   122 |    92 ||   338
       Scorch            |     1 |     5 |       ||     6
       Flame Wave        |       |     4 |    10 ||    14
       Conjure Flame     |       |       |     5 ||     5
  Use: Scroll            |       |    12 |     3 ||    15
       Potion            |       |     1 |     1 ||     2
Armor: Robe              |     2 |     4 |     5 ||    11
Dodge: Dodged            |    16 |    21 |    32 ||    69

Table legend: (Time is in decaauts)
 A = Elapsed time spent in this place.
 B = Non-inter-level travel time spent in this place.
 C = Inter-level travel time spent in this place.
 D = Time resting spent in this place.
 E = Time spent auto-exploring this place.
 F = Levels seen in this place.
 G = Mean time per level.
                   A        B        C        D        E       F      G
               +--------+--------+--------+--------+--------+-----+--------+
         Total |   7445 |   7289 |    156 |      0 |   6415 |   6 | 1240.8 |
       Dungeon |   7141 |   6994 |    147 |      0 |   6151 |   5 | 1428.2 |
        Temple |    303 |    294 |      9 |      0 |    264 |   1 |  303.0 |
               +--------+--------+--------+--------+--------+-----+--------+

Top non-repeatable levels by time:
     D:1: 2450 daAuts
     D:2: 2093 daAuts
     D:4: 1282 daAuts
     D:3: 733 daAuts
     D:5: 582 daAuts
  Temple: 303 daAuts
